 Seeded DCSS version 0.30.1-4-g462c640d31 (webtiles) character file.

Game seed: 15660985446129201502 (custom seed)

58 AccursedSamuel the Ducker (level 4, -7/28 HPs)
             Began as a Tengu Monk on Sept 13, 2023.
             Was a Believer of Lugonu.
             Mangled by Crazy Yiuf
             ... wielding a +3 quarterstaff of chaos
              (10 damage)
             ... on level 2 of the Dungeon.
             The game lasted 00:03:05 (955 turns).

AccursedSamuel the Ducker (Tengu Monk)               Turns: 955, Time: 00:03:05

Health: -7/28      AC:  7    Str: 14    XL:     4   Next: 1%
Magic:  5/5        EV: 14    Int: 10    God:    Lugonu [**....]
Gold:   71         SH:  0    Dex: 16    Spells: 3/3 levels left

rFire   . . .        a - +0 mace
rCold   . . .        (no shield)
rNeg    . . .        b - +0 robe
rPois   +            (helmet restricted)
rElec   .            f - +4 cloak of Saxkeap {+Inv rPois rCorr SInv}
rCorr   +            (no gloves)
SInv    +            (boots unavailable)
Will    .....        (no amulet)
Stlth   +            (no ring)
HPRegen 0.24/turn    (no ring)
MPRegen 0.09/turn

%: no passive effects
@: no status effects
A: beak, talons 3
a: Renounce Religion, Evoke Invisibility, Depart the Abyss, Banish


You were on level 2 of the Dungeon.
You worshipped Lugonu.
Lugonu was pleased with you.
You visited 1 branch of the dungeon, and saw 2 of its levels.

You collected 71 gold pieces.

Inventory:

Hand Weapons
 a - a +0 mace (weapon)
Armour
 b - a +0 robe (worn)
 d - an orb of light
 f - the +4 cloak of Saxkeap (worn) {+Inv rPois rCorr SInv}
   (You acquired it on level 1 of the Dungeon)

   rPois:     It protects you from poison.
   SInv:      It lets you see invisible.
   +Inv:      It lets you turn invisible.
   rCorr:     It protects you from acid and corrosion.
Jewellery
 k - a +4 ring of protection
Scrolls
 e - 2 scrolls of teleportation {unknown}
 g - a scroll of identify {unknown}
 l - a scroll of enchant armour {unknown}
 m - a scroll of noise {unknown}
 o - a scroll of immolation {unknown}
Potions
 c - a potion of ambrosia
 h - a potion of heal wounds {unknown}
 i - a potion of flight {unknown}
 j - 2 potions of magic {unknown}
 n - a potion of degeneration {unknown}
 p - a potion of attraction {unknown}


   Skills:
 + Level 3.4 Fighting
 + Level 4.0 Maces & Flails
 + Level 4.2 Dodging
 + Level 0.1 Stealth


You had 3 spell levels left.
You didn't know any spells.
Your spell library contained the following spells:

 Spells                   Type           Power      Damage    Failure   Level
 Cigotuvi's Dreadful Rot  Necr/Pois/Air  0%         N/A       50%         2
 Dispel Undead            Necr           0%         3d6       98%         4
 Death Channel            Necr           0%         N/A       100%        6


Dungeon Overview and Level Annotations

Branches:
Dungeon (2/15)

Altars:
Lugonu

Annotations:
D:2 Crazy Yiuf


Innate Abilities, Weirdness & Mutations

You have a beak for a mouth.
You have claws for feet.


Message History

a quokka corpse; a frilled lizard corpse
Things that are here:
a quokka corpse; a frilled lizard corpse You enter the shallow water.
Moving in this stuff is going to be slow.
p - a bubbling coppery potion As you open the gate, it creaks loudly!
There is an open gate here.
You now have 71 gold pieces (gained 8).
You enter the shallow water.
Moving in this stuff is going to be slow.
You enter the shallow water.
Moving in this stuff is going to be slow.
You enter the shallow water.
Moving in this stuff is going to be slow.
You enter the shallow water.
Moving in this stuff is going to be slow.
Found a hammer.
Found a runed translucent door.
Crazy Yiuf shouts!
You open the door.
There is an open door here.
Found a stone staircase leading down.
There is an open door here.
You see here a quokka skeleton.
Things that are here:
a quokka skeleton; a frilled lizard skeleton As you open the door, it creaks loudly!
You thump Crazy Yiuf!
Crazy Yiuf is heavily wounded.
Crazy Yiuf hits you with a +3 quarterstaff of chaos!
You hit Crazy Yiuf but do no damage. Your peck misses Crazy Yiuf.
Crazy Yiuf is heavily wounded.
Crazy Yiuf hits you with a +3 quarterstaff of chaos!
* * * LOW HITPOINT WARNING * * *
Crazy Yiuf burns you.
* * * LOW HITPOINT WARNING * * *
You barely miss Crazy Yiuf. You claw Crazy Yiuf.
Crazy Yiuf is heavily wounded.
Crazy Yiuf hits you with a +3 quarterstaff of chaos!
You die...

#####.###.##..........####
..........##.............##
..................######..#
........)########## ##.#
##..#.##[# #.# ...>..##.#
#.## ########.# ### ####..#
# ## #)..### ##.....# #
#...g@####......# #
#...##..#......## ###
###.#....## ########


You could see Crazy Yiuf.

Vanquished Creatures
  Jessica (D:2)
  An adder (D:2)
  A dart slug (D:2)
  4 endoplasms (D:2)
  2 giant cockroaches (D:2)
  2 goblins (D:2)
  A hobgoblin (D:2)
  4 quokkas
  2 ball pythons
  A bat (D:1)
  4 frilled lizards (D:2)
  2 kobolds (D:2)
  3 rats
  A spectral kobold (D:2)
29 creatures vanquished.

Notes
Turn   | Place    | Note
-------+----------+-------------------------------------------
     0 | D:1      | AccursedSamuel the Tengu Monk began the quest for the Orb.
     0 | D:1      | Reached XP level 1. HP: 14/14 MP: 2/2
   110 | D:1      | Identified a scroll of acquirement
   110 | D:1      | Acquired the +4 cloak of Saxkeap {+Inv rPois rCorr SInv}
   225 | D:2      | Reached XP level 2. HP: 19/19 MP: 3/3
   374 | D:2      | Noticed Jessica
   423 | D:2      | Killed Jessica
   424 | D:2      | Reached XP level 3. HP: 7/23 MP: 4/4
   718 | D:2      | Found a faded altar of an unknown god.
   735 | D:2      | Reached XP level 4. HP: 28/28 MP: 5/5
   759 | D:2      | Prayed at the altar of an unknown god.
   759 | D:2      | Became a worshipper of Lugonu the Unformed
   759 | D:2      | Reached * piety under Lugonu
   759 | D:2      | Reached ** piety under Lugonu
   874 | D:2      | Found a runed translucent door.
   875 | D:2      | Noticed Crazy Yiuf
   955 | D:2      | Mangled by Crazy Yiuf

Illustrated notes

Levels and vault maps discovered:
D:1:      minmay_arrival_pointy, layout_loops_ring, minmay_gold_behind_fungi
D:2:      layout_basic, dreamdust_ecumenical_altar_drowned_temple,
          hangedman_decor_clover_reticule, fountainhead,
          uniq_crazy_yiuf_cottage, uniq_jessica

Skill      XL: |  1  2  3 |
---------------+----------+-----
Dodging        | 4 |  4.2
Maces & Flails | 4 |  4.0
Fighting       | |  3.4
Stealth        | |  0.1

Action                     |  1- 3 |  4- 6 || total
---------------------------+-------+-------++-------
  Melee: Mace              |    57 |     4 ||    61
         Peck              |     6 |       ||     6
         Kick              |    10 |     1 ||    11
    Use: Scroll            |     1 |       ||     1
   Stab: Sleeping          |     1 |       ||     1
 Armour: Robe              |    26 |       ||    26
  Dodge: Dodged            |    57 |     2 ||    59
